 Dungeon Crawl Stone Soup version 0.23.2-33-g5129a83184 (webtiles) character file.

Game seed: 2747059241002899612

47496 prestonbroadus the Thaumaturge (level 14, -12/80 HPs)
             Began as a Deep Elf Ice Elementalist on July 11, 2019.
             Was a High Priest of Vehumet.
             Mangled by a red devil
             ... wielding a +0 trident
             ... summoned by an orc sorcerer
              (16 damage)
             ... on level 2 of the Orcish Mines on July 12, 2019.
             The game lasted 01:15:58 (22324 turns).

prestonbroadus the Thaumaturge (DEIE)              Turns: 22324, Time: 01:15:59

Health: -12/80     AC:  9    Str:  5    XL:     14   Next: 8%
Magic:  32/32      EV: 16    Int: 26    God:    Vehumet [*****.]
Gold:   333        SH:  0    Dex: 21    Spells: 5/38 levels left

rFire    + . .     SeeInvis +   M - +10 war axe "Iteihi" {distort, *Contam MR++ Stlth+}
rCold    + . .     Gourm    .   (no shield)
rNeg     . . .     Faith    .   U - +0 troll leather armour
rPois    +         Spirit   .   j - +0 helmet
rElec    .         Reflect  .   t - scarf {rC+ rF+}
rCorr    .         Harm     .   O - +2 pair of gloves {Dex+3}
MR       +++..                  i - +0 pair of boots
Stlth    +++.......             (no amulet)
HPRegen  0.63/turn              l - ring of poison resistance
MPRegen  0.23/turn              N - ring of Vasiotas {Dex+3 SInv}

@: drained
A: no striking features
a: Renounce Religion


You were on level 2 of the Orcish Mines.
You worshipped Vehumet.
Vehumet was extremely pleased with you.
You were hungry.

You visited 4 branches of the dungeon, and saw 23 of its levels.
You also visited: Ossuary.

You collected 1503 gold pieces.
You spent 1170 gold pieces at shops.

Inventory:

Hand Weapons
 C - a +4 scimitar of flaming
 M - the +10 war axe "Iteihi" (weapon) {distort, *Contam MR++ Stlth+}
   (You found it on level 2 of the Lair of Beasts)

   It warps and distorts space around it.
   Unwielding it can cause banishment or high damage.
   It affects your resistance to hostile enchantments.
   It causes magical contamination when unequipped.
   It makes you more stealthy.
Missiles
 L - 3 throwing nets
 P - 11 javelins (quivered)
Armour
 i - a +0 pair of boots (worn)
 j - a +0 helmet (worn)
 t - a scarf of resistance (worn)
 O - a +2 pair of gloves of dexterity (worn)
 U - a +0 troll leather armour (worn)
Magical Staves
 F - an uncursed staff of cold
Jewellery
 l - a ring of poison resistance (left hand)
 p - an uncursed ring of flight
 q - an uncursed ring of stealth
 z - an uncursed ring of protection from fire
 A - an uncursed ring of protection from magic
 N - the ring of Vasiotas (right hand) {Dex+3 SInv}
   (You found it on level 2 of the Lair of Beasts)

   [ring of see invisible]

   It affects your dexterity (+3).
   It lets you see invisible.
Wands
 o - a wand of acid (2)
 y - a wand of iceblast (2)
 B - a wand of paralysis (7)
 D - a wand of clouds (3)
Scrolls
 e - a scroll of fear
 g - a scroll of torment
 k - 5 scrolls of enchant weapon
 m - 2 scrolls of vulnerability
 r - 3 scrolls of brand weapon
 s - 11 scrolls of remove curse
 u - 3 scrolls of blinking
 w - 3 scrolls of silence
 x - 2 scrolls of amnesia
 E - 4 scrolls of teleportation
 S - 2 scrolls of enchant armour
 W - 5 scrolls of identify
Potions
 b - 5 potions of heal wounds
 d - 15 potions of curing
 f - 2 potions of berserk rage
 h - 4 potions of brilliance
 n - 9 potions of haste
 v - 2 potions of lignification
 G - 2 potions of mutation
 I - 2 potions of magic
 J - 3 potions of flight
 K - 3 potions of invisibility
 Q - a potion of cancellation
 R - a potion of agility
 T - 2 potions of might
Comestibles
 c - 32 rations


   Skills:
 - Level 6.5(5.9) Fighting
 * Level 10.0(9.3) Axes
 - Level 7.8(7.1) Dodging
 - Level 2.4(1.8) Stealth
 + Level 12.6(11.8) Spellcasting
 * Level 9.0(8.3) Conjurations
 - Level 3.8(3.2) Translocations
 - Level 7.0(6.3) Fire Magic
 - Level 8.3(7.7) Ice Magic
 - Level 10.5(9.8) Earth Magic
 - Level 3.0(2.4) Poison Magic
 - Level 5.1(4.5) Evocations


You had 5 spell levels left.
You knew the following spells:

 Your Spells              Type           Power        Failure   Level  Hunger
a - Freeze                Ice            ####         1%          1    None
b - Throw Frost           Conj/Ice       ######       1%          2    None
c - Bolt of Fire          Conj/Fire      ######....   13%         6    #####..
d - Throw Icicle          Conj/Ice       ######..     1%          4    None
e - Blink                 Tloc           N/A          2%          2    None
f - Mephitic Cloud        Conj/Pois/Air  ####....     1%          3    None
g - Summon Ice Beast      Ice/Summ       #####...     13%         4    None
h - Conjure Flame         Conj/Fire      ######..     1%          3    None
i - Poisonous Vapours     Pois/Air       ###...       6%          2    None
k - Passwall              Tmut/Erth      #####...     1%          2    None
l - Sticky Flame          Conj/Fire      ######..     1%          4    None

Your spell library contained the following spells:

 Spells                   Type           Power        Failure   Level  Hunger
 Orb of Destruction       Conj           ######....   41%         7    ######.
 Magic Dart               Conj           ####         1%          1    None
 Sandblast                Erth           ######       1%          1    None
 Sting                    Conj/Pois      ####         1%          1    None
 Stone Arrow              Conj/Erth      ######       1%          3    None
 Lee's Rapid Deconstruct  Erth           ######....   1%          5    ###....
 Ozocubu's Armour         Chrm/Ice       #####...     4%          3    None
 Venom Bolt               Conj/Pois      #####.....   5%          5    ###....
 Animate Skeleton         Necr           N/A          6%          1    None
 Pain                     Necr           ###.         6%          1    None
 Olgreb's Toxic Radiance  Pois           ####....     6%          4    None
 Petrify                  Tmut/Erth      #####...     9%          4    None
 Call Imp                 Summ           ###.....     10%         2    None
 Slow                     Hex            ###.....     10%         2    None
 Recall                   Summ/Tloc      N/A          10%         3    None
 Regeneration             Chrm/Necr      ###.......   19%         3    None
 Vampiric Draining        Necr           ###.......   19%         3    None
 Borgnjor's Vile Clutch   Necr/Erth      #####.....   24%         5    ###....
 Animate Dead             Necr           N/A          54%         4    None
 Simulacrum               Ice/Necr       #####.....   90%         6    #####..
 Death Channel            Necr           ###.......   100%        6    #####..


Dungeon Overview and Level Annotations

Branches:
Dungeon (14/15)            Temple (1/1) D:7            Lair (6/6) D:9
  Swamp (0/4) Lair:3        Snake (0/4) Lair:3          Orc (2/2) D:9
    Elf (0/3) Orc:2
  Slime: Lair:5-6    Vaults: D:13-14

Altars:
Ashenzari
Dithmenos
Fedhas
Gozag
Kikubaaqudgha
Makhleb
Okawaru
Qazlal
Ru
Sif Muna
Uskayaw
Vehumet

Shops:
D:7 (   Orc:1 (   Orc:2 *!!%

Annotations:
D:5 2 transporters, exclusions: ice beast and zombie, Sharpo's ghost, novice GrFi
D:7 3 runed translucent doors, Hycrow's ghost, novice MiBe; gohu's ghost, novice GrFi
D:8 Joseph
D:13 Frances
Lair:2 exclusion: 2 oklob plants


Message History

An orc comes into view. It is wielding a +0 flail.
The orc warrior shouts!
The orc sorcerer casts a spell.
The red devil hits you from afar with a +0 trident.
The orc warrior barely misses you.
You are too injured to fight recklessly!
You are too injured to fight recklessly!
You are too injured to fight recklessly!
You hit the orc warrior but do no damage.
The orc warrior is devoured by a tear in reality.
The red devil closely misses you.
The orc sorcerer gestures at you while chanting.
The bolt of negative energy hits you!!
You feel drained.
* * * LOW HITPOINT WARNING * * *
The red devil hits you from afar with a +0 trident!
* * * LOW HITPOINT WARNING * * *
You hit the orc wizard but do no damage.
The orc wizard disappears!
The red devil hits you from afar with a +0 trident!
You die...

............#.<..................
.............)[..).........#.#.#.
≈≈.....#.............[......##.#.
≈......#..#...)).......[..(......
............#..).).....)[[.......
.......#.......)..).....(.(..>...
......##.........o..))..[(..)....
.##..##.........[§...((((...[....
.....(......#...@§o(.<(.((.......
.....((.#....#(§.§....(((........
####.###....().4...)..((.(......#
# ####.........3o......(.(......
# ##.........)...(........... #
#.................#......#. ##
###.................#.....## .##
##........................... ..#
#....###....#...#............


You could see a sun demon, an orc sorcerer, a red devil, an orc warrior and an
orc.

Vanquished Creatures
  Azrael (Orc:2)
  3 hydras
  2 centaur warriors
  10 two-headed ogres
  2 tengu warriors (D:11)
  An ogre mage (Orc:1)
  Urug (Lair:3)
  2 spriggan berserkers (D:14)
  An unseen horror (D:11)
  4 orc knights
  A wolf spider zombie (D:12)
  An orc sorcerer (Orc:1)
  An ugly thing (D:11)
  A cyclops (D:11)
  Maurice (D:8)
  A gargoyle (D:9)
  4 spiny frogs
  An efreet (D:11)
  3 rime drakes
  5 komodo dragons
  A merfolk (D:10)
  A polar bear (Lair:3)
  5 trolls
  3 meliai (D:11)
  3 blink frogs (Lair:4)
  6 hippogriffs
  2 dream sheep (Lair:4)
  Grum (D:10)
  4 fire elementals (Orc:2)
  Eustachio (D:6)
  30 yaks
  4 basilisks
  4 wargs
  A vampire mosquito (D:12)
  3 nagas (Lair:3)
  7 water moccasins
  9 porcupines
  4 sky beasts
  34 orc warriors
  A black bear (D:10)
  An eye of draining (D:10)
  A phantom (D:10)
  7 ogres
  A necrophage (D:8)
  9 wolves
  13 crocodiles
  4 big kobolds
  19 centaurs
  18 bullfrogs
  2 gnoll sergeants (D:9)
  Blork the orc (D:5)
  5 scorpions
  6 wights
  2 howler monkeys (D:6)
  2 crimson imps
  2 bullfrog skeletons
  9 hounds
  6 jellies
  12 orc priests
  2 centaur skeletons
  15 orc wizards
  An iguana (D:9)
  8 hell rats (Lair:3)
  5 worker ants
  A hound skeleton (D:8)
  3 mummies (Ossuary)
  2 worker ant zombies
  4 gnolls (D:9)
  12 river rats (Lair:3)
  10 adders
  3 shadow imps
  2 oozes
  An adder skeleton (D:5)
  2 worms
  3 dart slugs
  3 leopard geckos
  78 orcs
  A ball python (D:4)
  6 giant cockroaches
  6 goblins
  10 hobgoblins
  7 jackals
  10 quokkas
  4 bats
  4 frilled lizards
  2 goblin zombies (Ossuary)
  2 hobgoblin zombies (Ossuary)
  20 kobolds
  2 kobold zombies (Ossuary)
  A leopard gecko skeleton (D:8)
  2 orc zombies (Ossuary)
  A quokka skeleton (D:6)
  11 rats
  2 fungi (Lair:3)
536 creatures vanquished.

Vanquished Creatures (collateral kills)
  3 spiny frogs
  A komodo dragon (Lair:1)
  2 dream sheep (Lair:4)
  2 yaks
  A hound (D:9)
  An orc (D:11)
10 creatures vanquished.

Vanquished Creatures (others)
  An ugly thing (D:13)
  A hippogriff (D:12)
  2 orc warriors
  A wolf (D:10)
  A centaur (Orc:2)
  A howler monkey (D:13)
  An orc wizard (D:12)
  2 orcs
  A quokka (Lair:3)
  A bush (Lair:3)
  3 fungi (Lair:3)
  10 plants
25 creatures vanquished.

Grand Total: 571 creatures vanquished

Notes
Turn   | Place    | Note
-------+----------+-------------------------------------------
     0 | D:1      | prestonbroadus the Deep Elf Ice Elementalist began the
                  | quest for the Orb.
     0 | D:1      | Reached XP level 1. HP: 10/10 MP: 6/6
   231 | D:1      | Reached XP level 2. HP: 16/16 MP: 6/8
   242 | D:1      | Learned a level 2 spell: Throw Frost
   857 | D:1      | Reached skill level 4 in Spellcasting
   961 | D:2      | Reached XP level 3. HP: 19/20 MP: 8/10
   985 | D:2      | Reached skill level 1 in Fighting
  1683 | D:3      | Reached XP level 4. HP: 25/25 MP: 8/12
  2148 | D:3      | Reached XP level 5. HP: 30/30 MP: 8/13
  2153 | D:3      | Learned a level 3 spell: Ozocubu's Armour
  2158 | D:3      | Learned a level 4 spell: Throw Icicle
  2770 | D:4      | Noticed a phantom
  2781 | D:5      | Entered Level 5 of the Dungeon
  2781 | D:5      | Noticed an ice beast
  2965 | D:5      | Noticed an ogre
  2965 | D:5      | Noticed Sharpo's ghost (novice GrFi)
  2966 | D:5      | Found a transporter.
  2970 | D:5      | Found a transporter.
  3138 | D:5      | Noticed a sky beast
  3147 | D:5      | Killed a sky beast
  3147 | D:5      | Reached skill level 5 in Ice Magic
  3147 | D:5      | Reached XP level 6. HP: 36/36 MP: 7/14
  3881 | D:5      | Noticed Blork the orc
  3888 | D:5      | Killed Blork the orc
  4187 | D:6      | Noticed a water moccasin
  4191 | D:6      | Killed a water moccasin
  4234 | D:6      | Reached XP level 7. HP: 32/41 MP: 11/15
  4934 | D:6      | Reached skill level 5 in Conjurations
  5051 | D:6      | Reached skill level 5 in Dodging
  5082 | D:6      | Noticed Eustachio
  5106 | D:6      | Reached XP level 8. HP: 27/48 MP: 7/16
  5228 | D:6      | Killed Eustachio
  5720 | D:7      | Found a runed translucent gate.
  5720 | D:7      | Found a runed translucent gate.
  5720 | D:7      | Found a runed translucent gate.
  5763 | D:7      | Found Cimeriosma's Weapon Shoppe.
  5949 | D:7      | Reached skill level 1 in Evocations
  6276 | D:7      | Reached XP level 9. HP: 48/52 MP: 12/17
  6321 | D:7      | Learned a level 2 spell: Blink
  6325 | D:7      | Learned a level 3 spell: Mephitic Cloud
  6360 | D:7      | Found a staircase to the Ecumenical Temple.
  6371 | Temple   | Entered the Ecumenical Temple
  6378 | Temple   | Became a worshipper of Vehumet
  6524 | D:7      | Noticed Hycrow's ghost (novice MiBe)
  6524 | D:7      | Noticed gohu's ghost (novice GrFi)
  6640 | D:8      | Reached skill level 5 in Spellcasting
  6640 | D:8      | Reached skill level 5 in Evocations
  6702 | D:8      | Noticed Joseph
  6860 | D:8      | Found a sand-covered staircase.
  6867 | Ossuary  | Entered an ossuary
  7194 | D:8      | Noticed a two-headed ogre
  7200 | D:8      | Killed a two-headed ogre
  7200 | D:8      | Reached skill level 8 in Spellcasting
  7202 | D:8      | Reached skill level 9 in Spellcasting
  7230 | D:8      | Noticed a two-headed ogre
  7236 | D:8      | Killed a two-headed ogre
  7236 | D:8      | Reached skill level 5 in Fighting
  7319 | D:8      | Noticed Maurice
  7327 | D:8      | Killed Maurice
  7327 | D:8      | Reached XP level 10. HP: 54/60 MP: 11/25
  7339 | D:8      | Reached * piety under Vehumet
  7339 | D:8      | Offered knowledge of Shock by Vehumet.
  7680 | D:9      | Found a shattered altar of Ashenzari.
  7732 | D:10     | Entered Level 10 of the Dungeon
  7786 | D:9      | Learned a level 4 spell: Summon Ice Beast
  7790 | D:9      | Learned a level 3 spell: Conjure Flame
  7865 | D:9      | Reached skill level 1 in Fire Magic
  7949 | D:9      | Found a staircase to the Lair.
  8022 | D:9      | Noticed a gargoyle
  8050 | D:9      | Killed a gargoyle
  8449 | Lair:1   | Entered Level 1 of the Lair of Beasts
  8708 | Lair:1   | Noticed a spiny frog
  8723 | Lair:1   | Reached skill level 5 in Fire Magic
  8833 | Lair:1   | Killed a spiny frog
  8959 | Lair:2   | Learned a level 2 spell: Poisonous Vapours
  8966 | Lair:2   | Reached skill level 1 in Poison Magic
  9061 | Lair:1   | Noticed a spiny frog
  9074 | Lair:1   | Killed a spiny frog
  9074 | Lair:1   | Offered knowledge of Searing Ray by Vehumet.
  9074 | Lair:1   | Reached XP level 11. HP: 23/66 MP: 6/26
  9076 | Lair:1   | Reached ** piety under Vehumet
  9848 | Lair:2   | Got an ancient glass ring
  9850 | Lair:2   | Identified the ring of Vasiotas {Dex+3 SInv} (You found it
                  | on level 2 of the Lair of Beasts)
  9866 | Lair:2   | Learned a level 2 spell: Call Imp
 10106 | Lair:2   | Got a crude war axe
 10126 | Lair:2   | Identified the +10 war axe "Iteihi" {distort, *Contam MR++
                  | Stlth+} (You found it on level 2 of the Lair of Beasts)
 10174 | Lair:2   | Noticed an oklob plant
 10174 | Lair:2   | Noticed an oklob plant
 10573 | Lair:3   | Noticed a four-headed hydra
 10584 | Lair:3   | Killed a four-headed hydra
 10584 | Lair:3   | Reached skill level 1 in Axes
 11096 | Lair:3   | Reached skill level 10 in Spellcasting
 11276 | Lair:3   | Found a staircase to the Snake Pit.
 11315 | Lair:3   | Learned a level 2 spell: Passwall
 11434 | Lair:3   | Reached skill level 1 in Earth Magic
 11515 | Lair:3   | Noticed Urug
 11525 | Lair:3   | Killed Urug
 11671 | Lair:3   | Found a staircase to the Swamp.
 11778 | Lair:3   | Offered knowledge of Static Discharge by Vehumet.
 11885 | Lair:3   | Reached skill level 11 in Spellcasting
 11955 | Lair:3   | Reached *** piety under Vehumet
 12133 | Lair:3   | Offered knowledge of Sticky Flame by Vehumet.
 12142 | Lair:3   | Learned a level 4 spell: Sticky Flame
 13159 | Lair:4   | Reached XP level 12. HP: 71/71 MP: 22/29
 13179 | Lair:4   | Reached skill level 5 in Earth Magic
 13387 | Lair:4   | You fall through a shaft!
 13470 | Lair:4   | Reached skill level 5 in Axes
 14422 | Lair:6   | Entered Level 6 of the Lair of Beasts
 14984 | D:9      | Found a staircase to the Orcish Mines.
 14987 | D:9      | Reached **** piety under Vehumet
 14987 | D:9      | Offered knowledge of Fireball by Vehumet.
 15655 | D:10     | Noticed Grum
 15779 | D:10     | Noticed a centaur warrior
 15787 | D:10     | Killed a centaur warrior
 16410 | D:11     | Noticed a two-headed ogre
 16419 | D:11     | Killed a two-headed ogre
 16581 | D:11     | Reached ***** piety under Vehumet
 16646 | D:11     | You fall through a shaft for 2 floors!
 16647 | D:13     | Noticed Frances
 16684 | D:12     | Noticed a four-headed hydra
 16690 | D:12     | Killed a four-headed hydra
 16964 | D:12     | Offered knowledge of Force Lance by Vehumet.
 17206 | D:11     | Noticed a seven-headed hydra
 17210 | D:11     | Killed a seven-headed hydra
 17362 | D:11     | Noticed a two-headed ogre
 17369 | D:11     | Killed a two-headed ogre
 17400 | D:11     | Noticed a tengu warrior
 17407 | D:11     | Noticed a tengu warrior
 17413 | D:11     | Killed a tengu warrior
 17433 | D:11     | Killed a tengu warrior
 17433 | D:11     | Reached XP level 13. HP: 62/75 MP: 6/30
 18280 | D:12     | Reached skill level 10 in Earth Magic
 18312 | D:12     | Found a burning altar of Makhleb.
 18858 | D:14     | Found the +8 Wrath of Trog {antimagic, *Rage}
 19110 | D:10     | Offered knowledge of Bolt of Fire by Vehumet.
 19115 | D:10     | Killed Grum
 19639 | Orc:1    | Entered Level 1 of the Orcish Mines
 19889 | Orc:2    | Entered Level 2 of the Orcish Mines
 20003 | Orc:2    | Found a staircase to the Elven Halls.
 21111 | Orc:1    | Learned a level 6 spell: Bolt of Fire
 21229 | Orc:1    | Reached skill level 12 in Spellcasting
 21369 | Orc:2    | Found Qioc Poiwk's Distillery.
 21369 | Orc:2    | Found Gosim's Distillery.
 21371 | Orc:2    | Found Loclikh's General Store.
 21373 | Orc:2    | Found Hezylukk's Food Emporium.
 21385 | Orc:2    | Bought a potion of berserk rage for 60 gold pieces
 21385 | Orc:2    | Bought a potion of berserk rage for 60 gold pieces
 21385 | Orc:2    | Bought a potion of curing for 36 gold pieces
 21385 | Orc:2    | Bought a potion of heal wounds for 60 gold pieces
 21385 | Orc:2    | Bought 2 potions of haste for 240 gold pieces
 21385 | Orc:2    | Bought a potion of heal wounds for 60 gold pieces
 21385 | Orc:2    | Bought a potion of haste for 120 gold pieces
 21385 | Orc:2    | Bought a potion of cancellation for 96 gold pieces
 21387 | Orc:2    | Bought a potion of heal wounds for 70 gold pieces
 21390 | Orc:2    | Bought a potion of curing for 48 gold pieces
 21390 | Orc:2    | Bought 2 potions of curing for 96 gold pieces
 21390 | Orc:2    | Bought a potion of haste for 160 gold pieces
 21390 | Orc:2    | Bought a potion of brilliance for 64 gold pieces
 21778 | Orc:2    | Reached XP level 14. HP: 77/80 MP: 29/32
 21816 | Orc:2    | Noticed Azrael
 21852 | Orc:2    | Offered knowledge of Orb of Destruction by Vehumet.
 22076 | Orc:2    | Killed Azrael
 22076 | Orc:2    | Reached skill level 10 in Axes
 22125 | Orc:1    | Found Apust's Antique Weapon Boutique.
 22323 | Orc:2    | HP: 4/80 [red devil/+0 trident[an orc sorcerer] (10)]
 22324 | Orc:2    | Mangled by a red devil

Skill      XL: |  1  2  3  4  5  6  7  8  9 10 11 12 13 14 |
---------------+-------------------------------------------+-----
Spellcasting   | 4 9 11 12 | 12.6
Fighting       | 1 2 3 4 6 |  6.5
Ice Magic      | 4 5 8 |  8.3
Conjurations   | 2 3 4 5 6 8 9 |  9.0
Dodging        | 3 5 7 |  7.8
Evocations     | 4 5 |  5.1
Translocations | 3 |  3.8
Fire Magic     | 6 7 |  7.0
Poison Magic   | 2 3 |  3.0
Axes           | 4 7 9 10 | 10.0
Earth Magic    | 4 9 10 | 10.5
Stealth        | |  2.4

Action                   |  1- 3 |  4- 6 |  7- 9 | 10-12 | 13-15 || total
-------------------------+-------+-------+-------+-------+-------++-------
Melee: Dagger            |    16 |       |       |       |       ||    16
       Unarmed           |     2 |       |       |       |       ||     2
       Whip              |       |    34 |     8 |       |       ||    42
       Quarterstaff      |       |       |    42 |       |       ||    42
       Staff             |       |       |    90 |    24 |       ||   114
       War axe           |       |       |       |   244 |   221 ||   465
 Cast: Freeze            |    49 |    69 |   126 |   164 |       ||   408
       Throw Frost       |       |     4 |    20 |   106 |    43 ||   173
       Throw Icicle      |       |     3 |     3 |    26 |    25 ||    57
       Summon Ice Beast  |       |       |       |    14 |       ||    14
       Poisonous Vapours |       |       |       |    21 |     4 ||    25
       Conjure Flame     |       |       |       |    15 |       ||    15
       Mephitic Cloud    |       |       |       |     9 |     2 ||    11
       Blink             |       |       |       |     7 |     5 ||    12
       Sticky Flame      |       |       |       |    13 |    42 ||    55
       Bolt of Fire      |       |       |       |       |     6 ||     6
Evoke: Wand              |       |       |    28 |    18 |    48 ||    94
  Use: Scroll            |       |     5 |     4 |    18 |     4 ||    31
       Potion            |       |       |     3 |     5 |     1 ||     9
 Stab: Sleeping          |    12 |     4 |     5 |    13 |     3 ||    37
       Distracted        |       |     1 |       |     2 |       ||     3
       Confused          |       |       |       |     5 |     1 ||     6
  Eat: Chunk             |     2 |     6 |     6 |    18 |    16 ||    48
       Ration            |       |     1 |     1 |     4 |       ||     6
Armor: Robe              |     9 |    22 |    58 |    58 |       ||   147
       Skin              |       |       |       |    20 |       ||    20
       Troll leather arm |       |       |       |     2 |    68 ||    70
Dodge: Dodged            |    32 |    52 |   211 |   343 |   319 ||   957
